 Dungeon Crawl Stone Soup version 0.22.1-2-g9c5b331 (webtiles) character file.

3505 GoLoT the Grappler (level 9, -1/77 HPs)
             Began as a Minotaur Monk on Dec 25, 2018.
             Was a Priest of Elyvilon.
             Slain by a wyvern (4 damage)
             ... on level 8 of the Dungeon.
             The game lasted 00:39:19 (10484 turns).

GoLoT the Grappler (Minotaur Monk)                 Turns: 10484, Time: 00:39:19

Health: -1/77      AC:  6    Str: 17    XL:     9   Next: 80%
Magic:  10/10      EV:  2    Int:  7    God:    Elyvilon [***...]
Gold:   96         SH:  0    Dex: 15    Spells: 8/9 levels left

rFire    . . .     SeeInvis .     - Unarmed
rCold    + . .     Gourm    .   (no shield)
rNeg     + + +     Faith    .   I - +0 robe
rPois    ∞         Spirit   .   (helmet restricted)
rElec    .         Reflect  .   t - +0 cloak
rCorr    .         Harm     .   B - +0 pair of gloves
MR       .....                  (no boots)
Stlth    +++.......             (no amulet)
HPRegen  0.22/turn              y - ring of protection from cold
MPRegen  0.12/turn              Q - +3 ring of slaying

@: petrified
A: retaliatory headbutt, claws 1, horns 2, icy blue scales 1, blink, high mp 1
a: Blink, Lesser Healing, Heal Other, Purification, Divine Protection, Renounce
Religion


You were on level 8 of the Dungeon.
You worshipped Elyvilon.
Elyvilon was most pleased with you.
You were not hungry.

You visited 2 branches of the dungeon, and saw 9 of its levels.

You collected 369 gold pieces.
You spent 273 gold pieces at shops.

Inventory:

Hand Weapons
 e - a +1 dire flail of crushing
 K - a cursed -2 whip
 N - a +0 war axe of electrocution
 O - a +0 shortbow
 X - a +0 flail of protection
 Y - a +5 spear
Missiles
 j - 214 arrows
 o - 69 bolts
 D - 2 throwing nets (quivered)
 P - 8 needles of confusion
Armour
 a - a +0 robe
 c - a +0 robe
 f - a +0 plate armour
 g - a +0 robe
 h - a +0 shield
 r - a +0 scale mail
 s - a +0 ring mail
 t - a +0 cloak (worn)
 z - a +0 animal skin
 A - a +0 helmet
 B - a +0 pair of gloves (worn)
 E - a +0 robe
 I - a +0 robe (worn)
Jewellery
 p - a +5 amulet of reflection {unknown}
 y - a ring of protection from cold (left hand)
 Q - a +3 ring of slaying (right hand)
Wands
 L - a wand of clouds (3)
 W - a wand of disintegration (5)
Scrolls
 i - 5 scrolls of immolation {unknown}
 k - 2 scrolls of noise {unknown}
 l - 2 scrolls of enchant armour {unknown}
 m - 10 scrolls of identify
 n - 4 scrolls of fog {unknown}
 q - 4 scrolls of fear {unknown}
 F - 3 scrolls of remove curse {unknown}
 G - a scroll of random uselessness {unknown}
 M - a scroll of enchant weapon {unknown}
 S - a scroll of teleportation {unknown}
 V - 2 scrolls of amnesia {unknown}
Potions
 d - 5 potions of curing {unknown}
 u - 2 potions of brilliance {unknown}
 v - 2 potions of degeneration {unknown}
 w - a potion of lignification {unknown}
 x - a potion of heal wounds
 C - a potion of ambrosia {unknown}
 H - 2 potions of agility {unknown}
 J - a potion of flight {unknown}
 R - a potion of might {unknown}
 T - 2 potions of haste {unknown}
 U - a potion of resistance {unknown}
Comestibles
 b - 9 rations
 Z - 6 chunks of flesh


   Skills:
 + Level 6.3 Fighting
 + Level 7.3 Dodging
 + Level 5.2 Stealth
 + Level 11.5 Unarmed Combat
 + Level 0.5 Spellcasting
 + Level 0.2 Necromancy
 + Level 1.6 Invocations


You had 8 spell levels left.
You knew the following spells:

 Your Spells              Type           Power        Failure   Level  Hunger
a - Animate Skeleton      Necr           N/A          38%         1    ##.....

Your spell library contained the following spells:

 Spells                   Type           Power        Failure   Level  Hunger
 Pain                     Necr           #...         38%         1    ##.....
 Regeneration             Chrm/Necr      #.........   77%         3    ####...
 Vampiric Draining        Necr           #.........   77%         3    ####...
 Animate Dead             Necr           N/A          99%         4    #####..


Dungeon Overview and Level Annotations

Branches:
Dungeon (8/15)             Temple (1/1) D:4
   Lair: D:8-11

Altars:
Ashenzari
Dithmenos
Elyvilon
Fedhas
Gozag
Hepliaklqana
Kikubaaqudgha
Makhleb
Nemelex Xobeh
Okawaru
Qazlal
Sif Muna
Uskayaw
Vehumet
Wu Jian
Xom
Yredelemnul
Zin
The Shining One

Shops:
D:6 !

Annotations:
D:7 Prince Ribbit


Innate Abilities, Weirdness & Mutations

You reflexively headbutt those who attack you in melee.
You have a pair of horns on your head.
You have sharp fingernails.
You are partially covered in icy blue scales. (AC +2)
You can translocate small distances at will.
You have an increased reservoir of magic. (+10% MP)


Message History

The basilisk gazes at you.
You are slowing down.
The wyvern bites you! The wyvern bites you! The basilisk bites you!
* * * LOW HITPOINT WARNING * * *
Your limbs are stiffening.
The wyvern bites you!
* * * LOW HITPOINT WARNING * * *
You have turned to stone.
The wyvern bites you.
* * * LOW HITPOINT WARNING * * *
The basilisk gazes at you. You resist with some effort.
The wyvern bites you but does no damage.
The basilisk hisses menacingly.
The basilisk gazes at you. The wyvern bites you!
* * * LOW HITPOINT WARNING * * *
The wyvern bites you!
You die...

## #### ##. ##..#
.###..##### ####.#.# ##
.....#....###....### #.#
..........##.####.#
#######.
......[.....#.###.#
###.##...#
###..........l@..###
#.##..####
#...##.#..÷l.....###.....#
#.#..
###.#.###.........### ##%#
#.##..##########.# ## ##
#### ###


You could see a basilisk and a wyvern.

Vanquished Creatures
  A hippogriff (D:6)
  2 wyverns (D:8)
  An acid dragon (D:8)
  A black bear (D:6)
  An ice beast (D:6)
  2 orc warriors (D:7)
  A sky beast (D:6)
  5 ogres
  4 centaurs
  A crocodile (D:8)
  4 bullfrogs
  A wyvern skeleton (D:7)
  6 killer bees
  7 wights
  2 howler monkeys
  A bullfrog zombie (D:5)
  4 crimson imps
  A hound (D:4)
  2 orc priests (D:7)
  3 jellies
  2 orc wizards (D:3)
  3 iguanas (D:7)
  2 hound skeletons
  A worker ant zombie (D:5)
  A howler monkey zombie (D:5)
  Robin (D:2)
  8 adders
  2 shadow imps (D:7)
  An adder skeleton (D:4)
  A worm (D:3)
  5 leopard geckos
  14 orcs
  3 bats
  3 giant cockroaches
  9 goblins
  8 hobgoblins
  8 jackals
  2 quokkas
  2 ball pythons
  3 frilled lizards
  4 kobolds
  6 rats
139 creatures vanquished.

Notes
Turn   | Place    | Note
-------+----------+-------------------------------------------
     0 | D:1      | GoLoT the Minotaur Monk began the quest for the Orb.
     0 | D:1      | Reached XP level 1. HP: 19/19 MP: 0/0
    93 | D:1      | Reached XP level 2. HP: 18/27 MP: 1/1
  1012 | D:2      | Noticed Robin
  1021 | D:2      | Reached XP level 3. HP: 7/33 MP: 2/2
  1067 | D:2      | Killed Robin
  1613 | D:2      | Reached skill level 4 in Unarmed Combat
  2273 | D:3      | Reached XP level 4. HP: 17/41 MP: 3/3
  3093 | D:3      | Found an opulent altar of Gozag.
  3093 | D:3      | Found a sparkling altar of Nemelex Xobeh.
  3553 | D:4      | Reached XP level 5. HP: 47/47 MP: 4/4
  3648 | D:4      | Reached skill level 5 in Unarmed Combat
  3669 | D:4      | Found a staircase to the Ecumenical Temple.
  3672 | D:4      | Found a faded altar of an unknown god.
  3685 | D:4      | Became a worshipper of Elyvilon the Healer
  3685 | D:4      | Reached * piety under Elyvilon
  3685 | D:4      | Reached ** piety under Elyvilon
  3742 | D:4      | Noticed an ogre
  3752 | D:4      | Killed an ogre
  3752 | D:4      | Reached XP level 6. HP: 53/53 MP: 5/5
  4106 | D:4      | Reached skill level 6 in Unarmed Combat
  4242 | Temple   | Entered the Ecumenical Temple
  4258 | Temple   | Reached *** piety under Elyvilon
  4485 | D:5      | Entered Level 5 of the Dungeon
  4663 | D:5      | Found a shattered altar of Ashenzari.
  4765 | D:5      | Reached XP level 7. HP: 34/60 MP: 6/6
  4774 | D:5      | Reached skill level 5 in Dodging
  4774 | D:5      | Reached skill level 7 in Unarmed Combat
  5245 | D:5      | Found an ancient bone altar of Kikubaaqudgha.
  5348 | D:5      | Found a blossoming altar of Fedhas.
  5348 | D:5      | Reached **** piety under Elyvilon
  6878 | D:6      | Reached skill level 8 in Unarmed Combat
  6902 | D:6      | Reached XP level 8. HP: 48/67 MP: 7/7
  6939 | D:6      | Reached skill level 5 in Fighting
  7348 | D:6      | Noticed a hippogriff
  7360 | D:6      | Killed a hippogriff
  7360 | D:6      | Reached skill level 9 in Unarmed Combat
  7442 | D:6      | Learned a level 1 spell: Animate Skeleton
  7626 | D:6      | Found Gudunloxe's Distillery.
  7683 | D:6      | Bought a potion of mutation for 104 gold pieces
  7683 | D:6      | Bought a potion of mutation for 104 gold pieces
  7683 | D:6      | Bought a potion of heal wounds for 65 gold pieces
  7684 | D:6      | Gained mutation: You have a pair of large horns on your
                  | head. [potion of mutation]
  7684 | D:6      | Gained mutation: You are partially covered in yellow
                  | scales. (AC +2) [potion of mutation]
  7684 | D:6      | Gained mutation: You are somewhat resistant to further
                  | mutation. [potion of mutation]
  7688 | D:6      | Lost mutation: You have a pair of large horns on your head.
                  | [potion of mutation]
  7688 | D:6      | Lost mutation: You are partially covered in yellow scales.
                  | (AC +2) [potion of mutation]
  7688 | D:6      | Gained mutation: You can translocate small distances at
                  | will. [potion of mutation]
  7688 | D:6      | Gained mutation: You tend to lose your temper in combat.
                  | [potion of mutation]
  7688 | D:6      | Gained mutation: You are partially covered in icy blue
                  | scales. (AC +2) [potion of mutation]
  7689 | D:6      | Lost mutation: You are somewhat resistant to further
                  | mutation. [potion of mutation]
  7689 | D:6      | Lost mutation: You tend to lose your temper in combat.
                  | [potion of mutation]
  7689 | D:6      | Gained mutation: You have an increased reservoir of magic.
                  | (+10% MP) [potion of mutation]
  7689 | D:6      | Gained mutation: You have sharp fingernails. [potion of
                  | mutation]
  7824 | D:6      | Found a shimmering altar of Xom.
  7827 | D:6      | Found a hazy altar of Hepliaklqana.
  7828 | D:6      | Noticed a spectral ugly thing
  8141 | D:7      | Reached ***** piety under Elyvilon
  8147 | D:7      | Noticed Prince Ribbit
  8173 | D:6      | Reached skill level 10 in Unarmed Combat
  8781 | D:7      | Reached XP level 9. HP: 61/75 MP: 7/9
  8794 | D:7      | Was placed under penance by Elyvilon
  9153 | D:7      | Found a deep blue altar of Sif Muna.
  9698 | D:7      | Reached skill level 1 in Invocations
 10137 | D:7      | Reached skill level 11 in Unarmed Combat
 10212 | D:7      | Was forgiven by Elyvilon
 10456 | D:8      | Reached skill level 5 in Stealth
 10483 | D:8      | HP: 3/77 [wyvern (6)]
 10484 | D:8      | Slain by a wyvern

Skill      XL: |  1  2  3  4  5  6  7  8  9 |
---------------+----------------------------+-----
Fighting       | 4 5 6 |  6.3
Dodging        | 4 5 6 7 |  7.3
Unarmed Combat | 4 5 6 8 10 11 | 11.5
Stealth        | 2 3 4 5 |  5.2
Invocations    | 1 |  1.6
Spellcasting   | |  0.5
Necromancy     | |  0.2

Action                   |  1- 3 |  4- 6 |  7- 9 || total
-------------------------+-------+-------+-------++-------
Melee: Unarmed           |    90 |   108 |   210 ||   408
       Headbutt          |    15 |    23 |    44 ||    82
       Punch             |     2 |     1 |     6 ||     9
 Cast: Animate Skeleton  |       |       |     1 ||     1
Invok: Greater Healing   |       |       |     4 ||     4
       Lesser Healing    |       |       |     1 ||     1
  Use: Scroll            |       |     2 |     1 ||     3
       Potion            |       |       |     4 ||     4
 Stab: Sleeping          |     1 |     2 |     5 ||     8
       Distracted        |       |       |     1 ||     1
  Eat: Ration            |     2 |     1 |     3 ||     6
       Chunk             |       |     1 |    10 ||    11
Armor: Robe              |     8 |    18 |    35 ||    61
Dodge: Dodged            |    43 |    62 |   161 ||   266
